[Event "Early-Titled-Tuesday-Blitz-May-28-2024"]
[Site "Chess.com"]
[Date "2024.05.28"]
[Round "3"]
[White "Glidzhian_Gor"]
[Black "dinushkipremanath"]
[Result "0-1"]
[WhiteElo "2542"]
[BlackElo "2343"]
[TimeControl "180+1"]
[EndTime "8:30:07 PDT"]
[Termination "dinushkipremanath won by resignation"]

1. e4 e6 2. d4 d5 3. Nc3 Nf6 4. exd5 exd5 5. Nf3 Nc6 6. Bb5 Bd6 7. h3 O-O 8. O-O Ne7 9. Bg5 c6 10. Bxf6 cxb5 11.
Bh4 Be6 12. Nxb5 Bf4 13. Nc3 Qd7 14. Bxe7 Qxe7 15. Re1 Qb4 16. Ne2 Bd6 17. b3 Rac8 18. c3 Qa5 19. Qd3 h6 20. a4 Bb8 21. b4 Qc7 22. g3 Bxh3 23. Nf4 Qd7 24. Ne5 Bxe5 25. Rxe5 Be6 26. Rae1 Rc6 27. b5 Rd6 28. Nxe6 Rxe6 29. Rxe6 fxe6 30. Qg6 Rf6 31. Qg4 Qf7 32. f4 h5 33. Qh4 Qg6 34. Re5 Qb1+ 35. Kh2 Qc2+ 36. Kh3 Qd1 37. Kg2 Qd2+ 38. Kh3 Qd1 39. Kg2 a6 40. Qxh5 Qd2+ 41. Kf1 Qd3+ 42. Kf2 Qd2+ 43. Kg1 Rh6 44. Qe2 Qxc3 45. Kg2 Qc1 46. Qe1 Qc2+ 47. Qe2 Qb1 48. bxa6 Qh1+ 49. Kf2 Rh2+ 50. Ke3 Qg1+ 51. Kf3 Rxe2 52. Kxe2 bxa6 53. Kf3 Qxd4 54. Rxe6 Qxa4 55.
Kg4 Qc4 56. Rd6 a5 57. Kg5 Qc7 58. Rxd5 Qe7+ 59. Kf5 a4 60. Re5 Qd7+ 61. Kg6 a3 62. Ra5 Qd6+ 63. Kg5 Qd8+ 0-1

[Event "Early-Titled-Tuesday-Blitz-May-28-2024"]
[Site "Chess.com"]
[Date "2024.05.28"]
[Round "3"]
[White "DonJuanEGenaro"]
[Black "HanSchut"]
[Result "1-0"]
[WhiteElo "2004"]
[BlackElo "2348"]
[TimeControl "180+1"]
[EndTime "8:30:07 PDT"]
[Termination "DonJuanEGenaro won by checkmate"]

1. Nf3 Nf6 2. d4 g6 3. Bf4 Bg7 4. e3 b6 5. Be2 Bb7 6. h3 d6 7.
O-O Nbd7 8. c3 O-O 9. a4 Re8 10.
a5 e5 11. dxe5 Nxe5 12. Nxe5 dxe5 13. Qxd8 Raxd8 14. Bh2 Be4 15. axb6 axb6 16. Ra7 Bxb1 17. Rxb1 Rd2 18. Bb5 Red8 19. Bxe5 Ne4 20. Bxg7 Kxg7 21. Rxc7 Rc2 22. Bc4 Nd2 23. Bxf7 Kh6 24. Re1 Rxb2 25.
e4 Nb1 26. h4 Rdd2 27. Bg8 Kh5 28. Rxh7+ Kg4 29. Be6+ Kf4 30. g3+ Ke5 31. Bh3 Rxf2 32. Re7+ Kf6 33. Re6+ Kf7 34. Rd1 Rfd2 35. Rf1+ Kg7 36.
Re7+ Kh6 37. Rff7 Rd1+ 38. Bf1 Rxf1+ 39. Kxf1 Nd2+ 40. Ke2 Nxe4+ 41. Ke3 g5 42. Re6+ Kh5 43. Rxe4 gxh4 44. g4+ Kg6 45. Rf5 h3 46. Re6+ Kg7 47.
Re7+ Kg6 48. Rh5 h2 49. Kd4 Rd2+ 50. Kc4 Rg2 51. Reh7 Rxg4+ 52. Kb5 Rg2 53. Rxh2 Rb2+ 54. Rxb2 Kxh7 55. Kxb6 Kg6 56. Rf2 Kg5 57. Kc5 Kg4 58. Kd4 Kg3 59. Rf5 Kg4 60. Ke4 Kg3 61. Rf4 Kg2 62. Rf3 Kg1 63. Ke3 Kg2 64. Ke2 Kg1 65.
Rg3+ Kh2 66. Kf3 Kh1 67. Kf2 Kh2 68. Rf3 Kh1 69. Rh3# 1-0

[Event "Early-Titled-Tuesday-Blitz-May-28-2024"]
[Site "Chess.com"]
[Date "2024.05.28"]
[Round "3"]
[White "djokovic74"]
[Black "MITerryble"]
[Result "0-1"]
[WhiteElo "2760"]
[BlackElo "3024"]
[TimeControl "180+1"]
[EndTime "8:30:11 PDT"]
[Termination "MITerryble won by checkmate"]

1. c4 g6 2. Nf3 Bg7 3. g3 d6 4.
Bg2 e5 5. d3 Nc6 6. O-O Nge7 7.
Nc3 O-O 8. Rb1 f5 9. Bd2 h6 10. b4 g5 11. b5 Nb8 12. Qb3 Kh8 13. c5 d5 14. e3 c6 15. d4 e4 16. Ne5 Nd7 17.
bxc6 bxc6 18. Nxc6 Nxc6 19. Qxd5 Ndb8 20. g4 Qxd5 21.
Nxd5 Na6 22. Rfc1 fxg4 23. Bxe4 Bf5 24. Nc3 Rac8 25. Rb7 Nxd4 26. exd4 Bxd4 27. Bxf5 Rxf5 28. Ne4 Nxc5 29. Be3 Bxe3 30. fxe3 Nxb7 31. Rxc8+ Kg7 32.
Rc7+ Rf7 33. Rc6 Na5 34. Rc5 Nb7 35. Rc6 Nd8 36. Ra6 Rc7 37. Ng3 Kh7 38. Nf5 Nf7 39. Kg2 h5 40. e4 h4 41. Kf2 Ne5 42. Re6 Rc2+ 43. Ke3 Ng6 44. Ra6 Nf4 45. Rxa7+ Kg6 46. Ra6+ Kf7 47. Ra7+ Ke8 48. Kd4 Rxh2 49. Ke5 Rd2 50. Kf6 g3 51. e5 Nd5+ 52. Kg6 Nf4+ 53. Kf6 g2 54. e6 Nxe6 55. Kxe6 Re2+ 56. Kf6 g1=Q 57. Nd6+ Kd8 58. Nf7+ Kc8 59. Nd6+ Kb8 60. Rb7+ Ka8 61. Rd7 Qd4+ 62. Kf7 Qd5+ 63. Kf6 Qe6+ 64.
Kxg5 Qxd7 65. Nf5 Re5 66. Kh6 Qxf5 67. a4 Qg5+ 68. Kh7 Re7+ 69. Kh8 Qg7# 0-1

[Event "Early-Titled-Tuesday-Blitz-May-28-2024"]
[Site "Chess.com"]
[Date "2024.05.28"]
[Round "3"]
[White "Darius321"]
[Black "Ural_bogatyr"]
[Result "0-1"]
[WhiteElo "2354"]
[BlackElo "2560"]
[TimeControl "180+1"]
[EndTime "8:30:11 PDT"]
[Termination "Ural_bogatyr won by checkmate"]

1. e4 e5 2. Nf3 Nc6 3. d4 exd4 4. Nxd4 Nf6 5. Nxc6 bxc6 6. Bd3 d5 7. exd5 cxd5 8.
O-O Be7 9. c4 O-O 10. cxd5 Qxd5 11. Be2 Bb7 12. Qxd5 Bxd5 13. Nc3 Bb7 14. Be3 a6 15.
Rac1 Bd6 16. Na4 Nd5 17. Bc5 Nf4 18. Bd1 Bxg2 19. Re1 Bb7 20. Bxd6 cxd6 21. Rc7 Rab8 22. Ree7 Bd5 23. Nc3 Be6 24. Ra7 Rxb2 25. Rxa6 Nh3+ 26. Kg2 Nxf2 27. Kg3 g5 28. Bb3 Nh1+ 29. Kf3 Bxb3 30. axb3 Rxb3 31. Kg2 Rxc3 32. Kxh1 Rd3 33. Kg2 Kg7 34. Ra5 h6 35. Rd7 Kg6 36. Raa7 Rd5 37. Kf2 h5 38. Kg2 h4 39. h3 Rd3 40. Ra6 f6 41.
Rdxd6 Rxd6 42. Rxd6 Rc8 43. Ra6 Rc3 44. Kh2 Rg3 45.
Ra7 f5 46. Ra6+ Kh5 47. Ra5 Rf3 48. Ra8 g4 49. Rh8+ Kg5 50. Rg8+ Kf4 51. hxg4 fxg4 52. Rh8 Rh3+ 53. Kg2 Rg3+ 54. Kh2 Rh3+ 55. Kg2 Ra3 56. Rf8+ Ke4 57. Re8+ Kf5 58. Rf8+ Ke6 59. Rg8 Ra2+ 60. Kg1 Kf5 61. Rh8 Kg5 62. Kh1 Kf4 63. Rg8 Kg3 64. Kg1 Ra1# 0-1

[Event "Early-Titled-Tuesday-Blitz-May-28-2024"]
[Site "Chess.com"]
[Date "2024.05.28"]
[Round "3"]
[White "EvgenyBurmakin"]
[Black "Zq1"]
[Result "1/2-1/2"]
[WhiteElo "2349"]
[BlackElo "2544"]
[TimeControl "180+1"]
[EndTime "8:30:13 PDT"]
[Termination "Game drawn - insufficient material"]

1. e4 c5 2. Nf3 d6 3. d4 cxd4 4. Nxd4 Nf6 5. Nc3 Nc6 6. Be2 g6 7. Be3 Bg7 8. f3 O-O 9. Qd2 h5 10. O-O-O Nxd4 11. Bxd4 Be6 12. Kb1 a6 13. h3 b5 14. g4 b4 15. Nd5 Bxd5 16. exd5 Qa5 17. Bc4 Rac8 18. Bb3 Qb5 19. Qd3 Qxd3 20. Rxd3 hxg4 21.
hxg4 Nd7 22. Bxg7 Kxg7 23. Re1 Rfe8 24. Rde3 Kf8 25. f4 Nc5 26. f5 g5 27. Bc4 Rb8 28. Rh1 Kg7 29. a3 a5 30. axb4 axb4 31. Kc1 Nd7 32. Bb3 Ne5 33. Re4 Rec8 34. Kd2 Rh8 35.
Rxh8 Kxh8 36. Ba4 Kg7 37. Bc6 Kf6 38. c3 bxc3+ 39. Kxc3 Rc8 40. b4 Nxc6 41. dxc6 Rxc6+ 42. Kd4 e6 43. fxe6 fxe6 44. Re2 Rb6 45. Rf2+ Ke7 46. Rb2 Kd7 47. Kc4 d5+ 48. Kc5 Rc6+ 49. Kb5 Kd6 50. Ka5 Rc8 51. b5 d4 52. b6 e5 53. b7 Rb8 54.
Kb6 d3 55. Rb3 e4 56. Rb4 Kd5 57. Rb5+ Kd4 58. Rxg5 d2 59. Rg7 Rd8 60. Kc7 Rf8 61. Rd7+ Ke3 62. Rd8 Rf7+ 63. Kc8 Rxb7 64. Kxb7 Ke2 65.
Kc6 d1=Q 66. Rxd1 Kxd1 67. g5 e3 68. g6 e2 69. g7 e1=Q 70. g8=Q Qe4+ 71. Qd5+ Qxd5+ 72. Kxd5 1/2-1/2

[Event "Early-Titled-Tuesday-Blitz-May-28-2024"]
[Site "Chess.com"]
[Date "2024.05.28"]
[Round "3"]
[White "Dewarfd"]
[Black "chessburger_tv"]
[Result "1-0"]
[WhiteElo "2137"]
[BlackElo "2388"]
[TimeControl "180+1"]
[EndTime "8:30:13 PDT"]
[Termination "Dewarfd won on time"]

1. d4 d6 2. e3 g6 3. Nf3 Bg7 4. Be2 Nf6 5. b4 c6 6. Bb2 Qc7 7. c4 O-O 8. Nc3 Bf5 9. O-O Ne4 10. a4 Nd7 11. a5 Nxc3 12. Bxc3 Nf6 13. Qb3 Ne4 14.
Nh4 Nxc3 15. Qxc3 Bd7 16. Rab1 c5 17. Nf3 b6 18. axb6 axb6 19. bxc5 bxc5 20. Qd2 Ra4 21. Ra1 Rfa8 22. Rxa4 Rxa4 23. Rb1 Qa7 24. h3 Bf6 25. Qb2 Rb4 26. Qa1 Rxb1+ 27. Qxb1 cxd4 28. exd4 Bxd4 29. Nxd4 Qxd4 30. Qb8+ Kg7 31. Qc7 Qa1+ 32. Kh2 Qe5+ 33. Kg1 Bxh3 34. gxh3 Qxe2 35. c5 Qe1+ 36. Kg2 Qe4+ 37.
Kg1 dxc5 38. Qxc5 Qe6 39. Qd4+ Qf6 40. Qb4 h5 41. Qa3 Qe5 42. Kg2 e6 43. Qe7 Qd4 44. Kg1 h4 45. Kg2 Qe4+ 46. Kg1 Qf4 47. Qa3 g5 48.
Kg2 Kg6 49. Kg1 Qf5 50. Qc3 e5 51. Qa3 f6 52. Qb3 Qc8 53. Qd3+ Kg7 54. Qe3 Qf8 55.
Qb3 Qf7 56. Qd3 Qd7 57. Qxd7+ Kg6 58. Qg4 f5 59. Qe2 e4 60. Qc4 Kf6 61. Qc6+ Ke5 62. Qc5+ Kf4 63. Qd6+ Kf3 64. Qe5 f4 65. Qxg5 e3 66. Qg4+ Ke4 67. Kf1 Ke5 68. Ke2 exf2 69. Kxf2 Kf6 70. Qxf4+ Kg6 71. Qxh4 1-0

[Event "Early-Titled-Tuesday-Blitz-May-28-2024"]
[Site "Chess.com"]
[Date "2024.05.28"]
[Round "3"]
[White "DenLaz"]
[Black "MarkusRagger"]
[Result "1/2-1/2"]
[WhiteElo "3104"]
[BlackElo "2798"]
[TimeControl "180+1"]
[EndTime "8:30:14 PDT"]
[Termination "Game drawn by agreement"]

1. d4 Nf6 2. c4 g6 3. g3 Bg7 4. Bg2 c6 5. e4 O-O 6. Nc3 d6 7. Nge2 Nbd7 8. O-O e5 9. h3 Re8 10. Be3 a6 11. a4 a5 12. Qc2 exd4 13. Nxd4 Nc5 14. Rad1 Qe7 15. Rfe1 Qf8 16. f4 h5 17. Bf2 Bh6 18. Nf3 Be6 19. b3 Rad8 20. Bd4 Bg7 21. Ng5 Bc8 22. Kh2 Nh7 23. Nf3 Bxd4 24. Nxd4 Qg7 25. Qd2 Nf8 26. f5 Nfd7 27. Rf1 Kh7 28. Nf3 Ne5 29. f6 Qh6 30. Qc2 Nxf3+ 31. Rxf3 h4 32. g4 Qg5 33. Kh1 Re6 34. Rdf1 Rde8 35. Rf4 Nd7 36. Qf2 Nc5 37. Qc2 Re5 38. Ne2 b6 39. Nd4 Ne6 40. Nxe6 R8xe6 41. Qf2 c5 42. Kh2 Bb7 43. Re1 Re8 44. Re3 d5 45. cxd5 Bxd5 46. Kh1 Bc6 47. Kh2 c4 48. bxc4 Rc5 49. Rb3 Kg8 50.
Rxb6 Qe5 51. Kh1 Rxc4 52. Rb1 Bxe4 53. Bxe4 Rxe4 54. Rf1 Qd5 55. Rxe4 Qxe4+ 56. Qf3 Qxa4 57. g5 Qe4 58. Qxe4 Rxe4 59. Rb1 Re5 60. Rb8+ Kh7 61.
Rf8 Rxg5 62. Rxf7+ Kh6 63. Ra7 Rf5 64. f7 Kg7 65.
Kg2 Kf8 66. Kg1 g5 67. Kg2 Kg7 68. Kg1 Kf8 69. Kg2 Kg7 70. Kg1 Rxf7 71. Rxa5 Kg6 72. Kg2 Rf5 73. Ra8 Rf6 74. Rg8+ Kf5 75. Ra8 Kg6 1/2-1/2

[Event "Early-Titled-Tuesday-Blitz-May-28-2024"]
[Site "Chess.com"]
[Date "2024.05.28"]
[Round "3"]
[White "monomita"]
[Black "Anton_Demchenko"]
[Result "1-0"]
[WhiteElo "2741"]
[BlackElo "2945"]
[TimeControl "180+1"]
[EndTime "8:30:14 PDT"]
[Termination "monomita won on time"]

1. Nf3 Nf6 2. e3 d6 3. b3 g6 4.
d4 Bg7 5. Bb2 O-O 6. Be2 Nbd7 7.
O-O Re8 8. c4 c6 9. Nc3 e5 10.
Qc2 a6 11. Rfd1 e4 12. Nd2 d5 13. cxd5 cxd5 14. b4 Nb6 15. a4 Bf5 16. a5 Nc8 17. Nb3 Nd6 18. Nc5 Re7 19. h3 Bd7 20. Qb3 Bc6 21. N3a4 h5 22. Nb6 Rb8 23. Rdc1 Qe8 24.
Rc3 Rd8 25. Qc2 Bb5 26. Rc1 Bh6 27. Nb3 Kh7 28. Rc5 Nf5 29. Bxb5 axb5 30. Qe2 Nd6 31. Nxd5 Nxd5 32. Rxd5 Nc4 33. Rxd8 Qxd8 34. Nc5 Qd5 35. Bc3 f6 36. Ra1 f5 37. Re1 Bg5 38. Qa2 f4 39. exf4 Bxf4 40. Qe2 e3 41. Qf3 Qf5 42. fxe3 Bxe3+ 43. Kh1 Qxf3 44. gxf3 Rf7 45. Kg2 g5 46. Ne6 g4 47. hxg4 hxg4 48. f4 Rf6 49. d5 Rf5 50. Kg3 Rxd5 51. Kxg4 Kg6 52. Nc7 Rd3 53. Nxb5 Kf7 54.
Be5 Bd2 55. Rh1 Ne3+ 56. Kf3 Nc4+ 57. Ke4 Re3+ 58. Kd5 Nxe5 59. fxe5 Rd3+ 60. Kc4 1-0

[Event "Early-Titled-Tuesday-Blitz-May-28-2024"]
[Site "Chess.com"]
[Date "2024.05.28"]
[Round "3"]
[White "Orest_Vovk"]
[Black "MiguelBestard1981"]
[Result "0-1"]
[WhiteElo "2545"]
[BlackElo "2284"]
[TimeControl "180+1"]
[EndTime "8:30:18 PDT"]
[Termination "MiguelBestard1981 won by checkmate"]

1. h4 d5 2. h5 e5 3. h6 Nxh6 4. d4 Ng4 5. f3 Be7 6. g3 Nf6 7. dxe5 Nfd7 8. Qxd5 Nc6 9. e6 fxe6 10. Qxe6 Nc5 11.
Qe3 Nd4 12. Na3 Bf5 13. c3 Nc6 14. Bd2 Qd5 15. Bh3 O-O-O 16. Bxf5+ Qxf5 17. O-O-O Rhe8 18. Qf4 Qe6 19. Qg4 Qxg4 20. fxg4 Bf6 21. g5 Be5 22.
Rxh7 Bxg3 23. Rxg7 Ne4 24. Kc2 Ne5 25. Nf3 Nxf3 26. exf3 Nf2 27. Rg1 Re2 28. Nb1 Bf4 29. Rd1 Nxd1 30. Kxd1 Rg2 31. Rf7 Bxd2 32. Kc2 Bxg5+ 33.
Kb3 Bc1 34. Na3 Rxb2+ 35. Kc4 Rxa2 36. Nb5 a6 37. Nd4 Be3 38. Ne6 b5+ 39. Kb3 Rad2 40. Nxd8 Rxd8 41. f4 Bc5 42. f5 Rf8 43. Rh7 Rxf5 44.
Rh3 Bd6 45. c4 Rc5 46. cxb5 axb5 47. Rf3 Kb7 48. Rh3 Kb6 49. Rf3 Rc4 50. Rh3 Rc6 51. Rh8 Bc5 52. Rb8+ Ka6 53. Ra8+ Ba7 54. Rg8 Kb7 55.
Kb4 Rb6 56. Ka5 b4 57. Rg2 b3 58. Rb2 Bb8 59. Ka4 c6 60. Ka3 Bd6+ 61. Ka4 c5 62. Ka5 Kc6 63. Ka4 c4 64. Ka5 c3 65. Rb1 c2 66.
Rc1 Ba3 67. Rf1 c1=Q 68. Rf6+ Bd6 69. Rf4 Qa3+ 70. Ra4 Qxa4+ 71. Kxa4 b2 72. Ka5 b1=R 73. Ka4 Ra1# 0-1

[Event "Early-Titled-Tuesday-Blitz-May-28-2024"]
[Site "Chess.com"]
[Date "2024.05.28"]
[Round "3"]
[White "SimplyDevina"]
[Black "EgorYakovlev"]
[Result "1/2-1/2"]
[WhiteElo "2312"]
[BlackElo "2517"]
[TimeControl "180+1"]
[EndTime "8:30:19 PDT"]
[Termination "Game drawn by agreement"]

1. d4 Nf6 2. c4 c5 3. d5 e6 4.
Nc3 exd5 5. cxd5 d6 6. g3 g6 7. Bg2 Bg7 8. e4 O-O 9. Nge2 Na6 10. O-O Nc7 11. a4 Rb8 12. h3 b6 13. f4 a6 14.
e5 Nfe8 15. exd6 Nxd6 16. Be3 Nc4 17. Bf2 Nxb2 18. Qc2 Nc4 19. Rad1 Nd6 20. g4 f5 21.
Bf3 Re8 22. Rfe1 Qf6 23. g5 Qd8 24. Nc1 Rxe1+ 25. Rxe1 c4 26. N1e2 b5 27. axb5 axb5 28. Bd4 Bf8 29. Bf6 Qd7 30. Nd4 b4 31. Nb1 b3 32. Qe2 Ncb5 33. Nc6 Rb6 34. Bd8 Ra6 35. Be7 Ra2 36. Qe5 Nf7 37. Qf6 Bg7 38. Qe6 Nd4 39. Nxd4 Bxd4+ 40. Kh1 Bf2 41. Re2 Bg3 42. Qxd7 Bxd7 43.
d6 Ra1 44. Rb2 Bxf4 45. Bd5 Be5 46. Re2 Rxb1+ 47. Kg2 Rb2 48. Rxb2 Bxb2 49. Bxc4 Bc6+ 50. Kf1 Bc1 51. Bxb3 Bxg5 52. Bxg5 Bd7 53. Be7 Kg7 54. Bxf7 Kxf7 55. Kg2 Ke6 56. Kf3 Ke5 57. Kg3 Ke6 58.
Kf3 Ke5 59. Kg2 f4 60. h4 Kf5 61. Kf3 Bc6+ 62. Kf2 Kg4 63. Bg5 h6 64. Be7 g5 65.
hxg5 hxg5 66. Kg1 Kf5 67. Kf2 g4 68. Kg1 g3 69. Bh4 Kg4 70. Bf6 Kf3 71. Bd4 Ke4 72.
Bc5 f3 73. Kf1 Kf4 74. Kg1 g2 75. Bf2 Kg4 76. Be3 Kh3 77. Bf2 Bd7 1/2-1/2

[Event "Early-Titled-Tuesday-Blitz-May-28-2024"]
[Site "Chess.com"]
[Date "2024.05.28"]
[Round "3"]
[White "xasid81"]
[Black "ViktoriyaTarasova"]
[Result "1/2-1/2"]
[WhiteElo "2584"]
[BlackElo "2364"]
[TimeControl "180+1"]
[EndTime "8:30:23 PDT"]
[Termination "Game drawn by repetition"]

1. d4 Nf6 2. Nf3 e6 3. Nc3 d5 4. Bg5 Be7 5. Bxf6 Bxf6 6. e4 dxe4 7. Nxe4 Be7 8. Bd3 Nd7 9. Qe2 Nf6 10. O-O-O c6 11.
Ne5 O-O 12. c3 a5 13. g4 a4 14. a3 Nd5 15. h4 Nf4 16. Qd2 Nxd3+ 17. Nxd3 Qd5 18.
Ng5 h6 19. Nh3 b6 20. g5 Kh7 21. gxh6 gxh6 22. Ndf4 Qf5 23. Rdg1 Ba6 24. Ng5+ hxg5 25.
hxg5+ Kg7 26. g6 Rh8 27. Rh7+ Rxh7 28. gxh7+ Kh8 29. Ne2 Rd8 30. Qh6 Qf6 31. Qh5 Bxe2 32. Qxe2 c5 33. Qg4 Qh6+ 34. Kb1 Qxh7+ 35. Ka1 Rg8 36. Qd1 Rxg1 37. Qxg1 cxd4 38. cxd4 Qg7 39. Qh1+ Kg8 40. Qa8+ Kh7 41. Qxa4 Qg1+ 42. Ka2 Qxf2 43. Qd7 Qf6 44. a4 Kg7 45. Kb3 Bf8 46. Ka2 Qf4 47. Kb3 Qd6 48. Qc8 Qb4+ 49. Kc2 Qxa4+ 50. Kb1 Qd1+ 51. Ka2 Qxd4 52. Qc1 Qd5+ 53. Ka1 Qa5+ 54. Kb1 Qf5+ 55. Ka1 Qf6 56. Qg1+ Qg6 57. Qxb6 Be7 58. Ka2 Bf6 59. b4 Qg5 60. Kb3 Qg2 61. Qc5 Qg3+ 62. Ka4 Qe1 63. b5 Qa1+ 64. Kb4 Qb1+ 65. Ka4 Qa2+ 66. Kb4 Qb2+ 67. Ka4 Qe5 68. Qg1+ Kf8 69.
b6 Qe4+ 70. Kb5 Qb7 71. Qc5+ Be7 72. Qc7 Qd5+ 73. Ka6 Qa2+ 74. Kb7 Qd5+ 75. Ka6 Qa2+ 76. Kb7 Qd5+ 77. Ka6 1/2-1/2

[Event "Early-Titled-Tuesday-Blitz-May-28-2024"]
[Site "Chess.com"]
[Date "2024.05.28"]
[Round "3"]
[White "IamSchrodingersCat"]
[Black "FGHSMN"]
[Result "0-1"]
[WhiteElo "2658"]
[BlackElo "2896"]
[TimeControl "180+1"]
[EndTime "8:30:29 PDT"]
[Termination "FGHSMN won on time"]

1. e4 e5 2. Nf3 Nc6 3. Bb5 a6 4. Ba4 Bc5 5. c3 Nge7 6. O-O Ng6 7. d4 Ba7 8. Be3 O-O 9. Nbd2 d6 10. Re1 Nce7 11.
Bb3 Kh8 12. Ng5 Qe8 13. Qh5 h6 14. h3 Kg8 15. Ndf3 Nf4 16. Bxf4 exf4 17. e5 d5 18. e6 fxe6 19. Qxe8 Rxe8 20. Nxe6 Bxe6 21. Rxe6 c6 22.
Rae1 Kf8 23. Ne5 Rad8 24. Bc2 Bb8 25. Kf1 Bc7 26. Rxe7 Kxe7 27. Nxc6+ Kd6 28. Nxd8 Rxd8 29. Bf5 Kc6 30. Re7 g5 31. Rh7 Rd6 32. Ke2 a5 33. Kd3 a4 34. Bg4 Bd8 35. Bh5 Kb6 36. Be8 a3 37. bxa3 Ka7 38. a4 Ka6 39. Bb5+ Kb6 40. g4 Re6 41. Kd2 Ka7 42. Kd3 Ba5 43. Rd7 Re1 44.
Bc6 Rh1 45. Rxb7+ Ka6 46. Rd7 Rxh3+ 47. Ke2 Rxc3 48. Bb5+ Kb6 49. Rxd5 Rc2+ 50. Kf3 Be1 51. Rd6+ Kc7 52. Rxh6 Rxf2+ 53. Ke4 Rxa2 54. Rh7+ Kb6 55. Rg7 Bh4 56. Rg6+ Ka5 57. Rf6 Ra3 58. d5 Re3+ 59. Kd4 Bf2 60. Kc4 Re4+ 61. Kb3 Bb6 62. d6 Rb4+ 63. Kc2 Rd4 64. Rf5 Kb4 65. Rxg5 Rxd6 66. Rf5 Be3 67. g5 Rd2+ 68. Kb1 Kc3 69. a5 Rd1+ 70.
Ka2 Kb4 71. Be2 Rd2+ 72. Kb1 Rxe2 73. g6 Rg2 74. a6 Rxg6 75. a7 Ra6 76. Rf7 Rxa7 77.
Kc2 Rxf7 0-1

[Event "Early-Titled-Tuesday-Blitz-May-28-2024"]
[Site "Chess.com"]
[Date "2024.05.28"]
[Round "3"]
[White "OhanyanEminChess"]
[Black "NastyaHn"]
[Result "1-0"]
[WhiteElo "2824"]
[BlackElo "2488"]
[TimeControl "180+1"]
[EndTime "8:30:30 PDT"]
[Termination "OhanyanEminChess won by resignation"]

1. e4 e6 2. d4 d5 3. Nd2 c5 4. Ngf3 Nc6 5. exd5 Qxd5 6. Bc4 Qd8 7. dxc5 Bxc5 8. Ne4 Qxd1+ 9. Kxd1 Be7 10. Bf4 Nf6 11. Nd6+ Kf8 12. Ng5 Nh5 13. Nxc8 Rxc8 14. Be3 h6 15.
Nf3 g5 16. Be2 Nf4 17. Bxf4 gxf4 18. c3 e5 19. Bd3 Kg7 20. Ke2 Rhe8 21. Be4 Bc5 22.
Nh4 Ne7 23. g3 a5 24. a4 b6 25. Rad1 Rcd8 26. gxf4 exf4 27. Kf3 Kf6 28. Ng2 Ng6 29. Bxg6 fxg6 30. Nxf4 Kf5 31. Ne2 g5 32. Ng3+ Kg6 33. Kg2 Rf8 34. f3 h5 35. h3 Be3 36. Rhe1 Bc5 37. Ne4 Be7 38. Nf2 Bc5 39. Rxd8 Rxd8 40. Re6+ Kf5 41. Re2 Bxf2 42. Kxf2 Rd3 43. Re3 Rd2+ 44.
Re2 Rd3 45. Kg2 h4 46. Kf2 Rd1 47. Rc2 Rh1 48. Kg2 Rd1 49. Re2 Rc1 50. Rd2 Re1 51. Rd5+ Kf4 52. Rd4+ Kf5 53. Kf2 Rh1 54. Rd6 Rb1 55.
Rxb6 Rc1 56. Rb8 Rc2+ 57. Ke3 Rh2 58. Rb5+ Kg6 59. Rxa5 Rxh3 60. Ra8 Rh1 61. a5 h3 62. Kf2 Rh2+ 63. Kg3 Rxb2 64. Kxh3 Rb3 65. Rc8 Ra3 66. Rc5 Kf6 67. Kg4 Ra4+ 68. Kg3 Kg6 69. Rc6+ Kf5 70. a6 Ra5 71. c4 Ke5 72. Kg4 Kd4 73. c5 Kd5 74. Rc8 Rxa6 75. Kxg5 Rd6 76. cxd6 1-0

[Event "Early-Titled-Tuesday-Blitz-May-28-2024"]
[Site "Chess.com"]
[Date "2024.05.28"]
[Round "3"]
[White "kecalk"]
[Black "FMStan15"]
[Result "1-0"]
[WhiteElo "2551"]
[BlackElo "2150"]
[TimeControl "180+1"]
[EndTime "8:30:41 PDT"]
[Termination "kecalk won on time"]

1. e4 e6 2. d4 d5 3. Nc3 Bb4 4.
exd5 exd5 5. Bd3 Nc6 6. Ne2 Bg4 7. f3 Bh5 8. a3 Bxc3+ 9. bxc3 Nf6 10. Bg5 h6 11. Bh4 Bg6 12. O-O Bxd3 13. cxd3 O-O 14. f4 Qd6 15. Ng3 Ne7 16. f5 c5 17. Qf3 cxd4 18.
cxd4 Nc6 19. Bxf6 Qxf6 20. Nh5 Qxd4+ 21. Kh1 Ne5 22. Qg3 Qg4 23. Qxe5 Qxh5 24. Qxd5 b6 25.
Rf3 Rad8 26. Qe4 Qg5 27. f6 Rfe8 28. Qb7 Qe5 29. Raf1 g6 30. Rg3 g5 31. Qxa7 Qxf6 32. Rgf3 Qe7 33. Qxb6 Rf8 34. Qxh6 Rd6 35. Qh5 Rg6 36. h3 Kg7 37. Rf5 Qxa3 38. Rxg5 Qxd3 39. Rxg6+ fxg6 40. Qd1 Qxd1 41. Rxd1 Rf6 42. Kh2 g5 43. Kg3 Kg6 44. Rd4 Ra6 45. Rd5 Ra3+ 46. Kh2 Ra2 47. Rd6+ Kf5 48. Rd5+ Kg6 49. Rd4 Kf5 50. Rc4 Kg6 51.
Rg4 Kf5 52. Rg3 Kf6 53. Rf3+ Kg6 54. Kg3 Kh5 55. Rb3 Kg6 56. Rb4 Kf5 57. Rb5+ Kg6 58. Rb4 Kf5 59. Rb3 Kg6 60. Re3 Kf5 61. Kf3 Ra1 62. Rb3 Rf1+ 63. Kg3 Rf4 64. Rf3 Ke5 65.
Rxf4 gxf4+ 66. Kf3 Kf5 67. h4 Ke5 68. h5 Kf5 69. h6 Kg6 70. Kxf4 Kxh6 71. Kf5 Kg7 72. g3 Kf7 73. g4 Kg7 74. Kg5 Kf7 75. Kh6 Kg8 76.
g5 Kh8 77. g6 Kg8 78. g7 Kf7 79. Kh7 1-0

[Event "Early-Titled-Tuesday-Blitz-May-28-2024"]
[Site "Chess.com"]
[Date "2024.05.28"]
[Round "3"]
[White "zverr1"]
[Black "PonyQueen07"]
[Result "1-0"]
[WhiteElo "2630"]
[BlackElo "2050"]
[TimeControl "180+1"]
[EndTime "8:30:47 PDT"]
[Termination "zverr1 won by checkmate"]

1. e4 c5 2. Nf3 Nc6 3. d4 cxd4 4.
Nxd4 Nf6 5. Nc3 e5 6. Ndb5 d6 7. Bg5 a6 8. Na3 b5 9. Nd5 Be7 10. Bxf6 Bxf6 11. c3 O-O 12. Nc2 Bg5 13. h4 Bh6 14. g3 f5 15. exf5 Bxf5 16. Bg2 Rc8 17. Nce3 Bxe3 18. Nxe3 Be6 19. O-O Ne7 20. Qd2 Qd7 21.
Rad1 Rcd8 22. Nd5 Nxd5 23. Bxd5 Kh8 24. Rfe1 Bg4 25. Rc1 Qf5 26. Qe3 Bf3 27. Bxf3 Qxf3 28. Rcd1 Qxe3 29. Rxe3 g6 30. Red3 Rf6 31. Rd5 Re6 32.
a4 bxa4 33. Ra5 Rb8 34. Rd2 d5 35. Raxd5 Reb6 36. Rxe5 Rxb2 37. Rd7 Rb1+ 38. Kg2 a3 39. Ra5 Ra1 40. Rxa6 a2 41. Raa7 h6 42. c4 Rc8 43.
c5 Kg8 44. c6 Rc1 45. Rxa2 R1xc6 46. Raa7 h5 47. Rg7+ Kf8 48. Rh7 Kg8 49. Rhd7 Kf8 50. Rab7 Kg8 51. Rh7 Rd6 52. Rbg7+ Kf8 53. Rb7 Kg8 54.
Rhc7 Rxc7 55. Rxc7 Rf6 56. Rd7 Re6 57. Ra7 Rf6 58.
Re7 Kf8 59. Rh7 Kg8 60. Rd7 Kf8 61. f3 Kg8 62. g4 hxg4 63. fxg4 Kf8 64. Kg3 Kg8 65.
Rd4 Kf8 66. Rf4 Kg7 67. Rxf6 Kxf6 68. Kf3 Kf7 69. Kf4 Kg7 70. Ke5 Kf7 71. g5 Ke7 72.
Kd5 Kd7 73. Kd4 Kd6 74. Ke4 Ke6 75. Kf4 Kf7 76. Kf3 Ke7 77. Ke3 Ke6 78. Ke4 Kd6 79. Kf4 Ke6 80. Kg4 Ke5 81. h5 gxh5+ 82. Kxh5 Ke6 83. Kh6 Kf5 84. g6 Kf6 85. g7 Kf5 86.
Kh7 Kg4 87. g8=Q+ Kh4 88. Qg7 Kh3 89. Qg6 Kh2 90. Kg7 Kh1 91. Kf6 Kh2 92. Kf5 Kh1 93. Kf4 Kh2 94. Kf3 Kh1 95. Qg2# 1-0

[Event "Early-Titled-Tuesday-Blitz-May-28-2024"]
[Site "Chess.com"]
[Date "2024.05.28"]
[Round "3"]
[White "djano"]
[Black "H3nriqueTV"]
[Result "1/2-1/2"]
[WhiteElo "2581"]
[BlackElo "2357"]
[TimeControl "180+1"]
[EndTime "8:30:58 PDT"]
[Termination "Game drawn by 50-move rule"]

1. e4 c5 2. Nc3 b6 3. f4 Bb7 4.
Nf3 e6 5. d4 cxd4 6. Nxd4 a6 7.
Be3 Qc7 8. Bd3 Bb4 9. O-O Bxc3 10. bxc3 Qxc3 11. Rb1 Qc7 12. f5 Nf6 13. fxe6 dxe6 14. Qe1 Nbd7 15. Qh4 Ne5 16. Rxf6 gxf6 17. Qxf6 Rg8 18.
Nxe6 Qe7 19. Ng7+ Kf8 20. Qxe7+ Kxe7 21. Nf5+ Kd7 22. Rxb6 Bc6 23. Bf4 Ng6 24. Bg3 Rge8 25. Nd6 Re6 26. Nxf7 Rf8 27. Ng5 Re7 28. Rxa6 Ne5 29.
h3 Nxd3 30. cxd3 Bb5 31. Ra3 Kc6 32. Nf3 Rd8 33. Ne5+ Rxe5 34. Bxe5 Bxd3 35. Rc3+ Kb5 36. Rc7 Bxe4 37. a3 Rd2 38. Rg7 Ka4 39. Bc3 Rd1+ 40.
Kh2 Kxa3 41. Rg3 Ka4 42. Rg4 Kb3 43. Rxe4 Kxc3 44. Re7 h5 45. Re5 h4 46. Re4 Rd4 47. Re8 Kc4 48. Kg1 Rf4 49. Re1 Kd3 50. Re8 Kd4 51.
Rg8 Ke5 52. Rg5+ Kf6 53. Ra5 Kg6 54. Kh2 Kf6 55. Ra3 Kg6 56. Rf3 Rc4 57. Kg1 Kg5 58. Kf2 Rc2+ 59. Kf1 Rb2 60. Re3 Ra2 61. Re2 Ra3 62.
Kf2 Ra4 63. Re5+ Kf4 64. Re2 Kg5 65. Rc2 Kg6 66. Rc5 Rb4 67. Re5 Ra4 68. Kf3 Kf6 69. Re4 Ra3+ 70. Kf4 Ra2 71. Kf3 Kg5 72. Rg4+ Kh5 73.
Rg8 Ra3+ 74. Kf4 Ra4+ 75. Kf3 Ra3+ 76. Kf2 Ra2+ 77. Kg1 Ra3 78. Rg7 Kh6 79. Rg4 Kh5 80. Rc4 Rb3 81. Rc5+ Kh6 82. Re5 Rb4 83. Kf2 Kg6 84.
Kf3 Kf6 85. Re4 Rb3+ 86. Re3 Rb4 87. Rd3 Kg5 88. Rd5+ Kg6 89. Re5 Kf6 90. Rh5 Kg6 91. Rh8 Ra4 92. Rg8+ Kh5 93. Rg4 Ra3+ 94. Kf4 Ra4+ 95.
Ke3 Ra3+ 1/2-1/2